 Dungeon Crawl Stone Soup version 0.29-a0-830-gcb1280458a (webtiles) character file.

Game seed: 1052996466188021420

6662 buhh the Fighter (level 11, 0/92 HPs)
             Began as an Octopode Transmuter on July 11, 2022.
             Slain by a skeletal warrior
             ... wielding a +0 long sword
              (22 damage)
             ... on level 9 of the Dungeon.
             The game lasted 00:20:55 (15935 turns).

buhh the Fighter (Octopode Transmuter)             Turns: 15935, Time: 00:20:56

Health: 0/92       AC:  9    Str: 10    XL:     11   Next: 3%
Magic:  12/14      EV: 14    Int: 28    God:
Gold:   402        SH:  0    Dex: 19    Spells: 5/14 levels left

rFire   . . .      SeeInvis .     - Unarmed
rCold   + + +      Faith    .   (shield currently unavailable)
rNeg    . . .      Spirit   .   (helmet currently unavailable)
rPois   +          Reflect  .   (no amulet)
rElec   .          Harm     .   w - ring "Zavymeisye" {rPois rF+ Will+ Int+3}
rCorr   .          Rampage  .   l - +6 ring of intelligence
Will    +....                   x - ring of flight
Stlth   ++........              y - +6 ring of dexterity
HPRegen 0.25/turn               (no ring)
MPRegen 0.14/turn               (no ring)
                                (no ring)
                                (no ring)

@: about to teleport, ice-form, flying, slowed, very slow
A: freezing attack, boosted hp, almost no armour, amphibious, 8 rings, large,
(camouflage 1), (gelatinous body 1), (nimble swimmer 1), (tentacles)
a: End Transformation


You were on level 9 of the Dungeon.
You were a creature of crystalline ice.
You visited 2 branches of the dungeon, and saw 10 of its levels.
You also visited: Ossuary.

You collected 541 gold pieces.
You spent 139 gold pieces at shops.

Inventory:

Missiles
 a - 2 throwing nets
 o - 6 silver boomerangs
 z - 15 poisoned darts
Magical Staves
 b - a staff of death
Jewellery
 l - a +6 ring of intelligence (right front paw)
 w - the ring "Zavymeisye" (left front paw) {rPois rF+ Will+ Int+3}
   (You acquired it on level 5 of the Dungeon)

   [ring of willpower]

   Int:       It affects your intelligence (+3).
   rF:        It protects you from fire.
   rPois:     It protects you from poison.
   Will:      It increases your willpower.
 x - a ring of flight (on tentacle)
 y - a +6 ring of dexterity (on tentacle)
Wands
 u - a wand of polymorph (8)
 E - a wand of flame (22)
 F - a wand of charming (7)
Scrolls
 c - 5 scrolls of teleportation {!d!d}
 d - a scroll of magic mapping {!d}
 g - a scroll of amnesia
 h - 5 scrolls of enchant armour
 j - 4 scrolls of enchant weapon
Potions
 e - a potion of flight {unknown}
 f - 2 potions of invisibility {unknown}
 i - 2 potions of might {unknown}
 k - a potion of berserk rage {unknown}
 p - a potion of mutation {unknown}
 q - 4 potions of magic {!d}
 r - 2 potions of attraction
 s - 2 potions of ambrosia {unknown}
 t - 4 potions of brilliance {!d}
 v - 2 potions of curing {!d}
 A - a potion of cancellation {unknown}


   Skills:
 * Level 8.1 Fighting
 * Level 8.1 Dodging
 - Level 2.0 Stealth
 * Level 8.1 Unarmed Combat
 - Level 2.0 Spellcasting
 * Level 7.2 Transmutations
 - Level 6.0 Ice Magic
 - Level 1.0 Poison Magic


You had 5 spell levels left.
You knew the following spells:

 Your Spells              Type           Power      Damage    Failure   Level
b - Wereblood             Tmut           43%        N/A       1%          2
c - Spider Form           Tmut/Pois      26%        N/A       4%          3
d - Ice Form              Ice/Tmut       40%        N/A       6%          4

Your spell library contained the following spells:

 Spells                   Type           Power      Damage    Failure   Level
 Beastly Appendage        Tmut           86%        N/A       1%          1
 Summon Small Mammal      Summ           8%         N/A       9%          1
 Ignite Poison            Fire/Tmut/Pois 18%        N/A       9%          3
 Call Canine Familiar     Summ           2%         N/A       26%         3
 Conjure Flame            Conj/Fire      2%         6-21      26%         3
 Summon Guardian Golem    Hex/Summ       2%         N/A       26%         3
 Sticky Flame             Conj/Fire      2%         2d3       65%         4


Dungeon Overview and Level Annotations

Branches:
Dungeon (9/15) Zot: 24813  Temple (1/1) D:5 Zot: 5702 Ossuary (visited)
   Lair: D:8-11         Orc: D:9-12

Altars:
Ashenzari
Dithmenos
Elyvilon
Fedhas
Gozag
Hepliaklqana
Kikubaaqudgha
Nemelex Xobeh
Okawaru
Qazlal
Ru
Sif Muna
Trog
Uskayaw
Vehumet
Wu Jian
Xom
Yredelemnul
Zin
The Shining One
Jiyva

Shops:
D:1 :   D:4 *   D:6 [

Annotations:
D:5 exclusion: downstairs
D:6 3 runed translucent doors, exclusion: 2 downstairs, buhh's ghost, novice OpTm
D:7 Maggie
D:8 3 runed translucent doors, 1 exclusion, killozap's ghost, novice TeAE


Innate Abilities, Weirdness & Mutations

You are a creature of crystalline ice.
You have a powerful freezing melee attack.
Your maximum health is increased.
Your armour is entirely melded.
You are incapable of wielding weapons or throwing items.
You cannot wear most types of armour.
You are amphibious.
You can wear up to eight rings at the same time.
((Your skin changes colour to match your surroundings (Stealth+).))
((Your rubbery body absorbs attacks. (AC +1, EV +1)))
((You are camouflaged when in or above water. (Stealth+)))
((You have tentacles for arms and can constrict up to eight enemies at once.))


Message History

The wraith misses you.
You hit the wraith.
The wraith is moderately damaged.
The wraith hits you.
You punch the wraith!
The wraith is heavily damaged.
The wraith hits you. The wraith drains your vigour!
You feel yourself slow down.
You hit the wraith.
The wraith is severely damaged.
The wraith barely misses you.
You punch the wraith! You freeze the wraith.
You destroy the wraith!
A skeletal warrior comes into view. It is wielding a +0 long sword.
You punch the skeletal warrior!
The skeletal warrior is lightly damaged.
The skeletal warrior misses you.
You hit the skeletal warrior but do no damage.
The skeletal warrior is lightly damaged.
The skeletal warrior barely misses you.
The skeletal warrior hits you with a +0 long sword.
You hit the skeletal warrior. You freeze the skeletal warrior.
The skeletal warrior is moderately damaged.
The skeletal warrior hits you with a +0 long sword!
You hit the skeletal warrior but do no damage.
The skeletal warrior is moderately damaged.
The skeletal warrior hits you with a +0 long sword!
You barely miss the skeletal warrior.
The skeletal warrior is moderately damaged.
The skeletal warrior barely misses you.
The skeletal warrior hits you with a +0 long sword!!
As you read the scroll of teleportation {!d!d}, it crumbles to dust.
You feel strangely unstable.
The skeletal warrior hits you with a +0 long sword!!
* * * LOW HITPOINT WARNING * * *
A wraith comes into view.
The skeletal warrior hits you but does no damage.
The skeletal warrior attacks as you move away!
The skeletal warrior hits you with a +0 long sword!!
You die...

#.....# #.#.......#.##.# #.###.#
#.#.......#....#####
#.###.####.#.....##.........<
..###.......##.#...#......#.#####
.B..........'..#.#.#..#.#.#......
######.............#<...#)#.####.
.....#######.###..#.#.#.#.# #.
####. #..##..# #.###.#.## #. #.
#..#Y# #.#......# #. #. ###z##
#.######## #. #W #W## #.# #. #.
#.#....#.# #. #W#
##..#.##########. ##
#......)......#. #..#.########.#.
#. #.#).......#. ## #B#.########.


You could see a skeletal warrior and 2 wraiths.

Vanquished Creatures
  A deep elf pyromancer (D:7)
  Joseph (D:7)
  2 hornets (D:8)
  Sigmund (D:3)
  Grum (D:9)
  3 steam dragons
  2 wraiths (D:9)
  A vampire mosquito (D:7)
  Duvessa (D:5)
  2 water moccasins
  2 ice beasts
  6 orc warriors
  3 sky beasts
  3 black bears
  3 wolves (D:9)
  4 ogres
  2 centaurs
  A phantom (D:5)
  A kobold brigand (D:8)
  An elf zombie (Ossuary)
  A gnoll sergeant (D:8)
  2 bullfrogs
  2 necrophages (D:4)
  A scorpion (D:3)
  4 wights (D:4)
  Dowan (D:5)
  Crazy Yiuf (D:4)
  2 centaur zombies (Ossuary)
  3 human zombies
  2 orc priests (D:7)
  A gnoll bouda (D:8)
  2 hounds
  4 jellies
  3 iguanas
  A scorpion zombie (D:4)
  Natasha (thrice) (D:2)
  7 orc wizards
  Ijyb (D:4)
  2 hound zombies (D:4)
  3 mummies
  Robin (D:4)
  9 gnolls
  6 adders
  2 shadow imps
  An ufetubus (D:6)
  3 adder zombies
  2 worms (D:2)
  36 orcs
  2 ball pythons
  2 endoplasms (D:2)
  2 giant cockroaches
  19 goblins
  16 hobgoblins
  5 quokkas
  4 bats
  3 frilled lizards
  7 hobgoblin zombies (Ossuary)
  A jackal zombie (Ossuary)
  8 kobolds
  6 kobold zombies (Ossuary)
  12 orc zombies (Ossuary)
  3 rats
  4 rat zombies (Ossuary)
241 creatures vanquished.

Vanquished Creatures (others)
  A kobold (D:8)
  14 plants
15 creatures vanquished.

Grand Total: 256 creatures vanquished

Notes
Turn   | Place    | Note
-------+----------+-------------------------------------------
     0 | D:1      | buhh the Octopode Transmuter began the quest for the Orb.
     0 | D:1      | Reached XP level 1. HP: 13/13 MP: 3/3
   219 | D:1      | Reached skill level 1 in Stealth
   219 | D:1      | Reached skill level 1 in Poison Magic
   219 | D:1      | Reached XP level 2. HP: 18/18 MP: 3/5
   925 | D:1      | Found Epnoefail's Book Emporium.
  1138 | D:2      | Found a shimmering altar of Xom.
  1321 | D:2      | Reached XP level 3. HP: 20/23 MP: 4/6
  1530 | D:2      | Noticed Natasha
  1543 | D:2      | Killed Natasha
  1544 | D:2      | Reached XP level 4. HP: 18/29 MP: 5/7
  1570 | D:2      | Noticed Natasha
  1578 | D:2      | Killed Natasha
  2676 | D:3      | Noticed Sigmund
  2694 | D:2      | Noticed Natasha
  2706 | D:2      | Killed Natasha
  2707 | D:2      | Reached XP level 5. HP: 28/35 MP: 6/8
  2851 | D:3      | Found a glowing golden altar of the Shining One.
  3132 | D:4      | Learned a level 2 spell: Wereblood
  3141 | D:4      | Learned a level 3 spell: Spider Form
  3337 | D:4      | Found Uwups's Assorted Antiques.
  3365 | D:3      | Reached XP level 6. HP: 30/42 MP: 6/9
  3732 | D:3      | Noticed a +0 dagger
  3734 | D:3      | Noticed a +0 falchion
  3734 | D:3      | Noticed a +0 spear
  3735 | D:3      | Noticed a +0 dagger
  3735 | D:3      | Noticed a +0 short sword
  3735 | D:3      | Noticed a +0 spear
  3735 | D:3      | Noticed a +0 short sword
  3736 | D:3      | Noticed a +0 falchion
  4051 | D:3      | Killed Sigmund
  4052 | D:3      | Reached XP level 7. HP: 38/47 MP: 7/10
  4515 | D:3      | Found a hide-covered altar of Uskayaw.
  4602 | D:4      | Bought a scroll labelled LAASTR NOWALIQO for 26 gold pieces
  4602 | D:4      | Bought a murky amethyst potion for 23 gold pieces
  4631 | D:4      | Noticed Robin
  4656 | D:4      | Killed Robin
  4657 | D:4      | Reached skill level 5 in Unarmed Combat
  4747 | D:4      | Found a broken altar of Ashenzari.
  4761 | D:4      | Noticed Ijyb
  4783 | D:5      | Entered Level 5 of the Dungeon
  4784 | D:5      | Identified a scroll of acquirement
  4792 | D:5      | Acquired the ring "Zavymeisye" {rPois rF+ Will+ Int+3}
  4796 | D:5      | Noticed Duvessa
  4796 | D:5      | Noticed Dowan
  4828 | D:5      | Killed Dowan
  4829 | D:5      | Killed Duvessa
  4851 | D:5      | Found a shadowy altar of Dithmenos.
  4912 | D:5      | Found a staircase to the Ecumenical Temple.
  4919 | Temple   | Entered the Ecumenical Temple
  5016 | D:5      | Found a sand-covered staircase.
  5023 | Ossuary  | Entered an ossuary
  5243 | Ossuary  | Reached skill level 5 in Dodging
  5724 | Ossuary  | Reached XP level 8. HP: 45/54 MP: 9/11
  5856 | D:5      | Found a bloodstained altar of Trog.
  5885 | D:5      | Reached skill level 5 in Fighting
  7063 | D:6      | Found Udaal's Armour Shoppe.
  7192 | D:4      | Killed Ijyb
  7364 | D:4      | Found an ancient bone altar of Kikubaaqudgha.
  7837 | D:4      | Reached XP level 9. HP: 54/63 MP: 12/12
  7915 | D:4      | Reached skill level 1 in Ice Magic
  8071 | D:4      | Found a runed translucent door.
  8072 | D:4      | Noticed Crazy Yiuf
  9192 | D:6      | Found a runed translucent gate.
  9192 | D:6      | Found a runed translucent gate.
  9193 | D:6      | Found a runed translucent gate.
  9268 | D:6      | Noticed buhh's ghost (novice OpTm)
  9586 | D:7      | HP: 3/64 [orc priest/divine providence (12)]
  9916 | D:7      | Reached skill level 5 in Transmutations
 10328 | D:8      | Found a runed translucent gate.
 10328 | D:8      | Found a runed translucent gate.
 10328 | D:8      | Found a runed translucent gate.
 10330 | D:7      | Noticed Joseph
 10335 | D:8      | Noticed killozap's ghost (novice TeAE)
 10454 | D:8      | Noticed a hornet
 10621 | D:8      | Found a viscous altar of Jiyva.
 10702 | D:7      | Killed Joseph
 10703 | D:7      | Reached skill level 5 in Ice Magic
 10703 | D:7      | Reached XP level 10. HP: 22/71 MP: 13/13
 11264 | D:7      | Learned a level 4 spell: Ice Form
 11532 | D:7      | Noticed a deep elf pyromancer
 11904 | D:7      | Killed a deep elf pyromancer
 12366 | D:7      | Noticed a seven-headed hydra
 13511 | D:4      | Killed Crazy Yiuf
 13889 | D:9      | Noticed a boulder beetle
 14449 | D:8      | Found Zin's Purification Station.
 14450 | D:8      | Found a glowing silver altar of Zin.
 14592 | D:8      | Bought a potion of curing for 90 gold pieces
 14780 | D:8      | Found a shimmering blue altar of Sif Muna.
 15154 | D:8      | Noticed a manticore
 15351 | D:7      | Found an opulent altar of Gozag.
 15385 | D:7      | Found a radiant altar of Vehumet.
 15515 | D:7      | Noticed Maggie
 15795 | D:9      | Noticed Grum
 15813 | D:9      | Killed Grum
 15824 | D:9      | Reached XP level 11. HP: 75/77 MP: 9/14
 15926 | D:9      | Noticed a skeletal warrior
 15935 | D:9      | Slain by a skeletal warrior

Illustrated notes

Levels and vault maps discovered:
D:1:      lightli_arrival_quake, layout_loops_ring, serial_shops,
          nicolae_shop_trees
D:2:      layout_loops_cross, basic_altar, minmay_splitting_lines, uniq_natasha
D:3:      corexii_shack_village, layout_loops_cross,
          mainiacjoe_overflow_boulevard, nicolae_uskayaw_en_pointe, uniq_sigmund
D:4:      layout_rooms, evilmike_ruin_ashenzari,
          lemuel_mausoleum_altar_kikubaaqudgha, serial_shops,
          nicolae_shop_waterfront, uniq_robin, uniq_ijyb,
          uniq_crazy_yiuf_cottage
D:5:      layout_basic, nicolae_dithmenos_through_a_glass_darkly,
          trog_ov_bears_minmay, temple_fountains, enter_ossuary_1, uniq_duvessa
D:6:      layout_basic, serial_shops, nicolae_stop_n_shop_2,
          ebering_ghost_rock_garden
D:7:      nzn_winding_woodlands_small [nzn_winding_woodlands_5x15_lazy_stream,
          nzn_winding_woodlands_center_triple_pond,
          nzn_winding_woodlands_5x15_split_checker], layout_rooms,
          mainiacjoe_overflow_two_lobes, nicolae_figureground_sparkle,
          uniq_maggie, uniq_joseph
D:8:      minmay_chambers_of_sixes, layout_cave_pods, zin_purify,
          nicolae_sif_muna_little_library, gammafunk_ghost_ooze,
          minmay_tree_intersection, chequers_avenue, serial_park_tiny_1,
          nicolae_grassy_gnolls
D:9:      layout_basic, cheibrodos_worm_habitat, gammafunk_ghost_hydra_chop,
          serial_shops, shop_statue, shop, nicolae_shop_bloodbath_and_beyond,
          nicolae_shop_crystal, minmay_guarded_unrand_finisher,
          uniq_prince_ribbit1, uniq_grum
Temple:   jpeg_temple_alley_garden

Skill      XL: |  1  2  3  4  5  6  7  8  9 10 |
---------------+-------------------------------+-----
Stealth        | 1 2 |  2.0
Poison Magic   | 1 |  1.0
Fighting       | 2 3 4 6 7 8 |  8.1
Dodging        | 3 4 5 6 7 8 |  8.1
Unarmed Combat | 4 5 7 8 |  8.1
Ice Magic      | 5 6 |  6.0
Transmutations | 5 7 |  7.2
Spellcasting   | |  2.0

Action                   |  1- 3 |  4- 6 |  7- 9 | 10-12 || total
-------------------------+-------+-------+-------+-------++-------
Melee: Unarmed           |    55 |    99 |   405 |   165 ||   724
       Kick              |    14 |    22 |    42 |       ||    78
       Constrict         |    13 |    24 |    45 |     1 ||    83
       Tentacles         |     8 |    16 |    44 |     1 ||    69
       Punch             |       |       |     9 |       ||     9
Throw: Boomerang         |       |       |     2 |       ||     2
 Cast: Beastly Appendage |    21 |    25 |    28 |       ||    74
       Spider Form       |       |     1 |    32 |     4 ||    37
       Wereblood         |       |     1 |    10 |     2 ||    13
       Ice Form          |       |       |       |    22 ||    22
Evoke: Wand              |       |       |    13 |       ||    13
  Use: Potion            |       |     2 |    12 |     1 ||    15
       Scroll            |       |       |    18 |     8 ||    26
 Stab: Sleeping          |     7 |     3 |     8 |     4 ||    22
Armor: Skin              |     3 |    17 |    44 |    42 ||   106
Dodge: Dodged            |    21 |    68 |   423 |   136 ||   648

Table legend: (Time is in decaauts)
 A = Elapsed time spent in this place.
 B = Non-inter-level travel time spent in this place.
 C = Inter-level travel time spent in this place.
 D = Time resting spent in this place.
 E = Time spent auto-exploring this place.
 F = Levels seen in this place.
 G = Mean time per level.
                   A        B        C        D        E       F      G
               +--------+--------+--------+--------+--------+-----+--------+
         Total |  15888 |  14943 |    945 |   4272 |   7886 |  11 | 1444.4 |
       Dungeon |  14788 |  13896 |    892 |   4144 |   7458 |   9 | 1643.1 |
        Temple |    297 |    244 |     53 |      0 |    160 |   1 |  297.0 |
       Ossuary |    802 |    802 |      0 |    128 |    268 |   1 |  802.0 |
               +--------+--------+--------+--------+--------+-----+--------+

Top non-repeatable levels by time:
     D:6: 2935 daAuts
     D:8: 2083 daAuts
     D:5: 1750 daAuts
     D:4: 1711 daAuts
     D:2: 1705 daAuts
     D:7: 1517 daAuts
     D:3: 1404 daAuts
     D:1: 1137 daAuts
 Ossuary: 802 daAuts
     D:9: 543 daAuts
  Temple: 297 daAuts
